Cogmind - Beta 17.1 @@@ ROGUE MODE // 2026.08.25 @ 13:59:10 Player: LandRaider Result: Destroyed by XI-ZI0(R) with Subdweller Laser Performance ------------- Evolutions (0) 0 Regions Visited (2) 400 Robots Destroyed (26) 130 Value Destroyed (589) 589 Prototype IDs (0) 0 Alien Tech Used (0) 0 Bonus (5287) 5287 TOTAL SCORE: 6406 Bonus ------- Follower Combat Kills 37 Prayed to X0-1V1 5000 Major X0-1V1 Interference 250 Cogmind --------- Core Integrity 0/150 Matter 414/700 Energy 26/100 System Corruption 0% Temperature Cool (6) Movement Core (750) Ox14 Location -10/Subcaves Parts ------- > --- POWER (1) -------- (None) > --- PROPULSION (2) --- (None) > --- UTILITY (2) ------ High-capacity Storage Unit > --- WEAPON (2) ------- Beam Cannon > --- INVENTORY (21) --- Light Ion Engine Aluminum Leg Aluminum Leg Wheel Compact Wheel Machine Analyzer Subdweller Optics ECM Suite Propulsion Shielding X0-1V1's Piety Tracker EM Pulse Gun Grenade Launcher Subdweller Shrapnel Launcher Mining Laser Peak State ------------ > --- POWER ------------ Light Ion Engine > --- PROPULSION ------- Aluminum Leg Aluminum Leg > --- UTILITY ---------- High-capacity Storage Unit Terrain Scanner > --- WEAPON ----------- Beam Cannon Mining Laser > --- INVENTORY -------- Light Ion Engine Aluminum Leg Aluminum Leg Wheel Compact Wheel Machine Analyzer Subdweller Optics ECM Suite Propulsion Shielding X0-1V1's Piety Tracker EM Pulse Gun Small Laser Light Assault Rifle Grenade Launcher Subdweller Shrapnel Launcher [Rating: 10] Favorites ----------- Power Light Ion Engine Engine Light Ion Engine Propulsion Aluminum Leg Treads Light Treads Leg Aluminum Leg Utility High-capacity Storage Unit Device Terrain Scanner Storage High-capacity Storage Unit Weapon Light Assault Rifle Energy Gun Small Laser Energy Cannon Beam Cannon Ballistic Gun Light Assault Rifle Launcher Grenade Launcher Special Weapon Mining Laser Build | -11 -10 -10 ------- Run | Yrd Mat Sub Slots Evolved . | . . . Power . | . . . Propulsion . | . . . Utility . | . . . Weapon . | . . . Parts Attached 19 | 7 9 3 Power 3 | 1 1 1 Engine 3 | 1 1 1 Core . | . . . Reactor . | . . . Propulsion 5 | 2 3 . Treads 2 | 2 . . Leg 3 | . 3 . Wheel . | . . . Hover . | . . . Flight . | . . . Utility 4 | 2 2 . Device 2 | 1 1 . Storage 2 | 1 1 . Processor . | . . . Hackware . | . . . Protection . | . . . Artifact . | . . . Weapon 7 | 2 3 2 Energy Gun 2 | . 2 . Energy Cannon 1 | . . 1 Ballistic Gun 2 | 2 . . Ballistic Cannon . | . . . Launcher 1 | . . 1 Special Weapon 1 | . 1 . Impact Weapon . | . . . Slashing Weapon . | . . . Piercing Weapon . | . . . Special Melee Weapon . | . . . Unidentified Prototypes . | . . . Parts Lost 10 | . 3 7 Power 3 | . 1 2 Propulsion 2 | . . 2 Utility 2 | . 1 1 Weapon 3 | . 1 2 Highest Loss Streak 6 | . 2 6 To Critical Strikes 1 | . . 1 Average Backups 10 | 4 9 13 Power 1 | . 1 . Propulsion 3 | 3 3 3 Utility 2 | . 1 4 Weapon 3 | . 3 4 Tool/Special . | . . . Unused Backups 12 | . 1 11 Power 1 | . . 1 Propulsion 5 | . 1 4 Utility 4 | . . 4 Weapon 2 | . . 2 Tool/Special . | . . . Average Slot Usage (%) 95 | . 92 98 Engine 13 | . 13 12 Treads 5 | . 10 . Leg 21 | . 17 27 Device 11 | . 9 13 Storage 14 | . 14 14 Energy Gun 8 | . 7 9 Energy Cannon 4 | . . 11 Ballistic Gun 10 | . 18 1 Special Weapon 2 | . . 4 Peak Build Rating 10 | 7 9 10 Average Rating 8 | 5 7 9 On Entrance 5 | . 7 9 Avg Prop Armor Cover (%) . | . . . Naked Turns . | . . . Heaviest Build 48 | 12 48 48 Greatest Support 40 | 40 40 20 Greatest Overweight (x) 4 | 1 4 2 Average Overweight (x) 1 | . 1 2 Largest Inventory Capacity 21 | 8 20 21 Average Capacity 18 | 7 17 20 Most Carried 15 | 8 11 15 Average Carried 10 | 4 9 13 Final Capacity 21 | 8 20 21 Final Carried 14 | 8 11 14 Class Distribution -------------------- 66% | Mutant 33% | Scavenger-Mutant Dominant Class ---------------- Mutant | -10/Materials Scavenger-Mutant | -10/Subcaves Resources | -11 -10 -10 ----------- Run | Yrd Mat Sub Matter Collected 846 | 282 303 261 Remotely . | . . . Salvage Created 870 | 126 659 85 Parts 62 | 7 42 13 Haulers Intercepted 1 | . 1 . Recyclers Shooed 2 | . 2 . Parts Field Recycled . | . . . Retrieved Matter . | . . . Parts Self-Destructed 9 | . . 9 Prevented . | . . . Parts Restored . | . . . Kills | -11 -10 -10 ------- Run | Yrd Mat Sub Combat Hostiles Destroyed 19 | . 15 4 Guns 16 | . 15 1 Cannons 1 | . . 1 AOE 2 | . . 2 Classes Destroyed 9 | 2 5 2 Tunneler 2 | 2 . . Hauler 1 | . 1 . Recycler 2 | 1 1 . Mechanic 1 | . 1 . Watcher 1 | . 1 . Swarmer 6 | . 4 2 Grunt 11 | . 11 . Sentry 1 | . . 1 Subdweller 1 | . . 1 Best Kill Streak 4 | 2 4 2 Combat Bots Only 3 | . 3 2 Max Kills in Single Turn 2 | 1 1 2 Gunslinging . | . . . Exploded 2 | . . 2 Melee . | . . . Uniques/NPCs Destroyed . | . . . Combat | -11 -10 -10 -------- Run | Yrd Mat Sub Hostile Shots Fired 147 | . 87 60 Missed 39 | . 23 16 Hits 108 | . 64 44 Projectile 108 | . 64 44 AOE 1 | . . 1 Critical Strikes 4 | . . 4 Damage Taken 1382 | . 693 689 Core 257 | . 107 150 Absorbed by Shields . | . . . Core Remaining (%) 100 | 100 . . Volleys Fired 150 | 3 99 48 Largest 2 | 2 2 2 Hottest 100 | 40 100 100 Shots Fired 246 | 6 172 68 Gun 191 | 6 165 20 Cannon 24 | . . 24 Launcher 9 | . . 9 Special 22 | . 7 15 Kinetic 148 | 6 140 2 Thermal 89 | . 32 57 Explosive 9 | . . 9 Electromagnetic . | . . . Robot Hit Streak 15 | 5 15 8 Robot Miss Streak 4 | . 4 2 Penetration Max . | . . . Secondary Targets 4 | . 4 . Max Gunslinging Chain 1 | . 1 . Shots Hit Robots 138 | 5 102 31 Core Hits 47 | 5 37 5 Critical Kills 1 | . 1 . Critical Parts Destroyed . | . . . Critical Strikes 1 | . 1 . Destroy 1 | . 1 . Melee Attacks . | . . . Impact . | . . . Slashing . | . . . Piercing . | . . . Sneak Attacks . | . . . Combat Hostiles . | . . . Follow-up Attacks . | . . . Damage Inflicted 1344 | 52 1099 193 Guns 1172 | 52 1098 22 Cannons 54 | . . 54 Explosions 117 | . . 117 Melee . | . . . Ramming 1 | . 1 . Kinetic 904 | 52 852 . Thermal 322 | . 246 76 Explosive 117 | . . 117 Electromagnetic . | . . . Impact . | . . . Slashing . | . . . Piercing . | . . . Highest Corruption . | . . . Average Corruption . | . . . Corruption Purged . | . . . Corruption Blocked . | . . . Overload Shots . | . . . Overflow Damage . | . . . Projectiles . | . . . Explosions . | . . . Melee . | . . . Knockbacks . | . . . Impact . | . . . Kinetic . | . . . Secondary . | . . . Self-Inflicted Damage 15 | . . 15 Shots 1 | . . 1 Rammed . | . . . Targets Rammed 1 | . 1 . Kicked 1 | . 1 . Crushed . | . . . Highest Temperature 478 | . 478 1 Average Temperature 95 | . 96 1 Received Heat Transfer 489 | . 363 126 Effects 7 | . 7 . Shutdowns 1 | . 1 . Energy Bleed 1 | . 1 . Short Circuit 1 | . 1 . Damage (major) 4 | . 4 . Siege Activations . | . . . Martial Activations . | . . . Shielding Activations . | . . . Robots Disrupted . | . . . Combat Hostiles . | . . . Robots Corrupted . | . . . Combat Hostiles . | . . . Parts Fried . | . . . Impact Corruptions . | . . . Robots Melted . | . . . Combat Hostiles . | . . . Parts Melted 1 | . 1 . Heat Transferred 741 | . 580 161 Parts Sabotaged . | . . . Parts Stolen . | . . . Parts Stripped . | . . . Power Chain Reactions . | . . . Alert | -11 -10 -10 ------- Run | Yrd Mat Sub Maximum Alert Level . | . . . Low Security (%) 100 | 100 100 . Level 1 . | . . . Level 2 . | . . . Level 3 . | . . . Level 4 . | . . . Level 5 . | . . . High Security . | . . . Max Security . | . . . Peak Influence 90 | 10 90 . Initial . | . . . Average 31 | 2 33 . Influence Increases 565 | 15 456 94 Destroy 0b10 Robot/C 380 | . 300 80 Destroy 0b10 Robot/NC 35 | 15 20 . Destroy Leader 64 | . 54 10 Allied During Kill 4 | . . 4 Successful Hack 21 | . 21 . Select Force Hacks 60 | . 60 . Destroy Structure 1 | . 1 . Influence Decreases 565 | 15 456 94 Time Decay 495 | 15 426 54 Lost Part 30 | . 30 . Lost Ally 40 | . . 40 Squads Dispatched 3 | . 3 . Investigation 2 | . 2 . Extermination . | . . . Reinforcement 1 | . 1 . Assault . | . . . Garrison . | . . . Intercept . | . . . Searches Triggered . | . . . Construction Impeded . | . . . Haulers Reinforced . | . . . Active Scanning Responses . | . . . Cargo Convoy Interrupts . | . . . Stealth | -11 -10 -10 --------- Run | Yrd Mat Sub Distress Signals 1 | . 1 . Communications Jammed . | . . . Distress Signals . | . . . Times Spotted 35 | . 27 8 Peak Tracking Total 4 | . 4 3 Tactical Retreats . | . . . Traps | -11 -10 -10 ------- Run | Yrd Mat Sub Traps Triggered . | . . . Indirectly . | . . . Trap Hack Attempts . | . . . Triggered . | . . . Disarmed . | . . . Reprogrammed . | . . . Reused . | . . . Traps Extracted . | . . . Installed . | . . . Triggered . | . . . Machines | -11 -10 -10 ---------- Run | Yrd Mat Sub Machines Disabled . | . . . Max in Single Turn . | . . . Machines Repaired . | . . . Machines Dismantled . | . . . Machines Sabotaged . | . . . Overloaded Fab Kills . | . . . Hacking | -11 -10 -10 --------- Run | Yrd Mat Sub Machines Accessed 9 | . 9 . Terminals 7 | . 7 . Fabricators . | . . . Repair Stations . | . . . Recycling Units 2 | . 2 . Scanalyzers . | . . . Garrison Access . | . . . Total Hacks 20 | . 20 . Successful 10 | . 10 . Failed 10 | . 10 . Catastrophic . | . . . Database Lockouts . | . . . Manual 17 | . 17 . Terminals 18 | . 18 . Fabricators . | . . . Repair Stations . | . . . Recycling Units 2 | . 2 . Scanalyzers . | . . . Garrison Access . | . . . Terminal Hacks 4 | . 4 . Robot Analysis 2 | . 2 . Branch Access Points 1 | . 1 . Locate Traps 1 | . 1 . Fabricator Hacks . | . . . Repair Station Hacks . | . . . Recycling Unit Hacks . | . . . Scanalyzer . | . . . Garrison Access Hacks . | . . . Unauthorized Hacks 6 | . 6 . Terminals 4 | . 4 . Botnet 4 | . 4 . Fabricators . | . . . Repair Stations . | . . . Recycling Units 2 | . 2 . Tunnel 2 | . 2 . Scanalyzers . | . . . Garrison Access . | . . . Data Cores Recovered . | . . . Used . | . . . Hacking Detections 7 | . 7 . Full Trace Events . | . . . Feedback Events . | . . . Feedback Blocked . | . . . Robot Schematics Acquired . | . . . Robots Built . | . . . Authchips . | . . . Time . | . . . Total Robot Build Rating . | . . . Part Schematics Acquired . | . . . Parts Built . | . . . Authchips . | . . . Time . | . . . Total Part Build Rating . | . . . Part Studies Acquired . | . . . Parts Repaired . | . . . Time . | . . . Parts Recycled . | . . . Recycled Matter . | . . . Retrieved Matter . | . . . Retrieved Components . | . . . Parts Scanalyzed . | . . . Part Schematics Acquired . | . . . Parts Damaged . | . . . Bothacking | -11 -10 -10 ------------ Run | Yrd Mat Sub Used RIF Installer . | . . . Robots Hacked . | . . . Non-combat . | . . . Combat . | . . . Robot Hacks Applied . | . . . Relay Couplers Released . | . . . Fabnet Peak Effective % . | . . . Robots Rewired . | . . . Allies Hacked . | . . . Hacks Repelled . | . . . Allies | -11 -10 -10 -------- Run | Yrd Mat Sub Total Allies 3 | . . 3 Largest Group 3 | . . 3 Highest-Rated Group 24 | . . 24 Highest-Rated Ally 8 | . . 8 Total Orders . | . . . Ally Attacks 21 | . . 21 Total Damage 142 | . . 142 Kills 2 | . . 2 Allies Corrupted . | . . . Allies Melted . | . . . X0-1V1 Amusement Gains 13 | . 13 . Average Entertainment 5 | . 13 5 Good Acts 3 | . . 3 Bad Acts 1 | . . 1 Intel | -11 -10 -10 ------- Run | Yrd Mat Sub Active Infowar (turns) 2277 | 33 1041 1203 Terrain 1763 | . 560 1203 Seismic 514 | 33 481 . Robot Analysis Total 2 | . 2 . Derelict Logs Recovered 2 | . . 2 Drone Launches . | . . . Drone Recoveries . | . . . Exploration | -11 -10 -10 ------------- Run | Yrd Mat Sub Turns Passed 2938 | 84 1619 1235 Spaces Moved 983 | 40 540 403 Core 7 | 7 . . Treads 252 | 33 219 . Legs 724 | . 321 403 Wheels . | . . . Hover . | . . . Flight . | . . . Fastest Speed 50 | 50 160 260 Average Speed 237 | 145 228 260 Slowest Speed 400 | 160 400 260 Overloaded Moves . | . . . Propulsion Burnouts . | . . . Robots Hopped . | . . . Potential Cave-ins . | . . . Cave-ins Triggered . | . . . Exploration Rate (%) 42 | 3 96 27 Regions Visited 2 Branch Regions 1 Pre-discovered Areas 3 | . 2 1 Known Exits Taken . | . . . Unknown Exits Taken 2 | 1 1 . Scrap Searched . | . . . Spaces Dug . | . . . Terrain Destroyed 40 | . 1 39 Melee . | . . . Projectile 1 | . 1 . AOE 39 | . . 39 Terrain Rammed . | . . . Walls Destroyed . | . . . Machines Disabled . | . . . Actions | -11 -10 -10 --------- Run | Yrd Mat Sub Total 1307 | 57 759 491 Wait 125 | . 98 27 Move 981 | 39 539 403 Hop . | . . . Pick Up 20 | 8 7 5 Fast Attach 10 | 7 3 . Attach 5 | . 3 2 Detach . | . . . Swap 9 | . 3 6 Drop 6 | . 6 . Fire 150 | 3 99 48 Melee . | . . . Ram . | . . . Kick 1 | . 1 . Crush . | . . . Escape Stasis . | . . . Rewire . | . . . Trap . | . . . Miscellaneous . | . . . Route ------- -11/Scrapyard -10/Materials (discovered 5 exits: [*Mat x3] / *Min / [*Sub]) -10/Subcaves History --------- Turn | Location | Event 2 | -11/Scrapyard | Met Revision 17 12 | -11/Scrapyard | Discovered new exit (range 14) 85 | -11/Scrapyard | Entered Materials 314 | -10/Materials | Build established: Mutant 376 | -10/Materials | Discovered new exit (range 14) 823 | -10/Materials | Discovered new exit (range 7) 1115 | -10/Materials | Discovered new exit (range 7) 1500 | -10/Materials | Identified exit to Mines 1526 | -10/Materials | Discovered new exit (range 15) 1573 | -10/Materials | Discovered new exit (range 6) 1687 | -10/Materials | Prayed at D.C.S.S. Altar Unit 1704 | -10/Materials | Entered Subcaves 1705 | -10/Subcaves | Approached by a straggling Scientist 1732 | -10/Subcaves | Learned Materials garrison access intel 1872 | -10/Subcaves | Inventory capacity permanently improved by X0-1V1 (+1; -100 max core) 1903 | -10/Subcaves | X0-1V1 sent allied G-34 Mercenary (x3) 1956 | -10/Subcaves | Lost 3 allies 2228 | -10/Subcaves | Build established: Scavenger-Mutant 2910 | -10/Subcaves | Core integrity fell below 50% 2932 | -10/Subcaves | Core integrity fell below 20% 2939 | -10/Subcaves | Destroyed by XI-ZI0(R) with Subdweller Laser Last Messages --------------- 02223_ The unstable cave ceiling collapses. 02227_ Subatomizers dissect the Sub. Power Source. 02452_ BF-R8I(R) destroyed. 02597_ Subatomizers dissect the Sub. Optics. 02642_ Acquired Sub. Shrapnel Launcher. 02643_ Acquired 27 matter. 02645_ Subatomizers dissect the Sub. Optics. 02648_ Acquired Sub. Optics. 02887_ G-34 Mercenary destroyed. 02897_ Acquired 37 matter. 02899_ Lgt. Ion Engine destroyed. 02903_ Critical hit (Destroy). 02903_ Aluminum Leg destroyed. 02907_ Terrain Scanner destroyed. 02912_ X0-1V1: "I know that drunk sailor look when I see it." 02925_ Sml. Laser destroyed. 02926_ Movement behavior is fully back under control. 02935_ Lgt. Assault Rifle destroyed. 02937_ Aluminum Leg destroyed. 02939_ X0-1V1 cackles wildly! Map ----- +----------------------------------------------------+ | ?????????????????????????????????????????????????? | | ?????????????????????????????????????????????????? | | ?????????????????????????????????????????????????? | | ?????????????????????????????????????????????????? | | ?????????????????????????????????????????????????? | | ?????????????????????????????????????????????????? | | ?????????????????????????????????????????????????? | | ?????????????????????????????????????????????????? | | ?????????????????????????????????????????????????? | | ?????????????????????????????????????????????????? | | ?????????????????????????????????????????????????? | | ?????????????????????????????????????????????????? | | ?????????????????????????????????????????????????? | | ?????????????????????????????????????????????????? | | ????????????????#????????#??????? ???????????????? | | ?????????????????????????????????????????????????? | | ?#?#????????????????#???????#?????##?????????????? | | ?????????????????????????????????? #?????????????? | | ?????????????#??#???????????????? #?????????????? | | ??#####???????????###??????????? ###????????????? | | ??# ##???????????# ?????###### #????????????? | | ??# ##????#??#??# ###### #?????????????? | | ?## ##??????????< ## #???????????????? | | ## #???????##### ### #?????????????????? | | #?####### #< R #??????????????????? | | #?# ## @ #??????????????????? | | ### ##????##????????????? | | ####???#??#????????????? | | ##### #??????#????#??????????? | | # # ##???## #?????????????????????? | | ####### ##?????## ##?#??????????????????? | | ###?### #??????## ######?????????????????? | | #????# ##???????#### ##????????????????? | | ### ##????# #?????????# ##?????#??#??????? | | ##?###?????# #???????????# #???????????????? | | ##?#####?### ##??????#?### #??????#???#????? | | ### ##?? ##?#???#### ## ##???????###????? | | #### # ##?????# ## #????#### #?#??? | | #?## ##?##?## ### ###### ##?#?? | | ##### ####### #?# ## ####? | | ##### #?# #### ## | | ### ## ### #?## # | | ??# ## ##??## ## | | ?## ## ###### ## #####? | | ## #### #####????? | | # ## ## ## ### ##?????#? | | #### ### #### ##?#?????? | | ### ##??# ##?# ##?#########????? | | #?####### #?### ## ##???### ##?????? | | ###?#?## ##??##############???## #?????? | +----------------------------------------------------+ Best States ------------- Heat Dissipation 25 Energy Generation 10 Energy Capacity 125 Matter Stores 416 Matter Capacity 700 Sight Range 16 Terrain Scan Range 14 Terrain Scan Density 10 Evasion (%) 40 Recoil Reduction 2 Item Schematics ----------------- None Robot Schematics ------------------ None Fabricated ------------ Nothing Repaired ---------- Nothing Studied --------- None Alien Tech Used ----------------- None Achievements -------------- None Challenges ------------ None Game ------ Seed GrenadeHelicalLink Manual? 0 Play Time 00:16:45 Cumulative 105.8 hours Start 2026.08.25 @ 13:43:25 End 2026.08.25 @ 13:59:10 Sessions 1 Manual Loads 0 Difficulty Rogue Special Mode None Game No. 96 Rogue 94 Adventurer 2 Explorer 0 Win Type - Total 0 Types 0/0/0/0/0/0/0/0/0/0 Lore% 47 Gallery% 43 Achievement% 34 Wizard Run 0 Options --------- Layout 0 ASCII 0 Keyboard 0 Movement Mouse Keybinds 0 Fullscreen 2 Font 24/Smallcaps Map View 76x50 Zoom Use 0% Tactical HUD 1 Map Filters NONE Filters NONE Steam 1 RUN: e800f9f7-c2f9-46be-a8c8-f506493c9983